 Dungeon Crawl Stone Soup version 0.30-a0-920-g7493c07aab (webtiles) character file.

Game seed: 8367709405514116615

125 GloriousHammer the Trooper (level 5, -5/57 HPs)
             Began as an Ogre Cinder Acolyte on Mar 22, 2023.
             Was a High Priest of Ignis.
             Slain by a gnoll
             ... wielding a +0 halberd
             ... led by a gnoll bouda
              (11 damage)
             ... on level 2 of the Dungeon.
             The game lasted 00:03:44 (2061 turns).

GloriousHammer the Trooper (Ogre Cinder Acolyte)    Turns: 2061, Time: 00:03:45

Health: -5/57      AC: 10    Str: 18    XL:     5   Next: 9%
Magic:  4/8        EV:  9    Int: 17    God:    Ignis [*****.]
Gold:   53         SH:  0    Dex:  4    Spells: 6/8 levels left

rFire   + . .      SeeInvis .    a - -1 mace (flame)
rCold   . . .      Faith    .    (no shield)
rNeg    . . .      Spirit   .    b - +0 robe
rPois   .          Reflect  .    (helmet restricted)
rElec   .          Rampage  .    (no cloak)
rCorr   .                        (gloves unavailable)
Will    .....                    (boots unavailable)
Stlth   +                        (no amulet)
HPRegen 0.29/turn                (no ring)
MPRegen 0.11/turn                (no ring)

@: weakened, fiery-armoured
A: large, unfitting armour, tough skin 1
a: Renounce Religion, Fiery Armour, Foxfire Swarm, Rising Flame


You were on level 2 of the Dungeon.
You worshipped Ignis.
Ignis was extremely pleased with you.
You visited 1 branch of the dungeon, and saw 2 of its levels.

You collected 53 gold pieces.

Inventory:

Hand Weapons
 a - a -1 mace of flaming (weapon)
 r - a +0 sling
Missiles
 j - 37 stones (quivered)
 u - 2 large rocks
Armour
 b - a +0 robe (worn)
Wands
 n - a wand of flame (24)
Scrolls
 d - 2 scrolls of enchant armour {unknown}
 e - 2 scrolls of identify {unknown}
 h - a scroll of torment {unknown}
 i - 2 scrolls of noise {unknown}
 k - a scroll of amnesia {unknown}
 q - a scroll of fog {unknown}
 t - a scroll of teleportation {unknown}
Potions
 c - a potion of lignification {unknown}
 f - 5 potions of curing {unknown}
 g - a potion of resistance {unknown}
 l - 2 potions of degeneration {unknown}
 m - a potion of flight {unknown}
 o - a potion of haste {unknown}
 p - a potion of mutation {unknown}
 s - a potion of berserk rage {unknown}
 v - a potion of attraction {unknown}


   Skills:
 + Level 5.3 Fighting
 + Level 3.6 Maces & Flails
 - Level 2.4 Spellcasting
 - Level 3.2 Fire Magic


You had 6 spell levels left.
You knew the following spells:

 Your Spells              Type           Power      Damage    Failure   Level
a - Scorch                Fire           26%        2d6       8%          2

Your spell library contained the following spells:

 Spells                   Type           Power      Damage    Failure   Level
 Iskenderun's Battlesphe  Conj           2%         2d6       99%         5
 Iron Shot                Conj/Erth      1%         9d1       100%        6
 Spellforged Servitor     Conj/Summ      1%         N/A       100%        7


Dungeon Overview and Level Annotations

Branches:
Dungeon (2/15)

Altars:

Shops:
D:1 *


Innate Abilities, Weirdness & Mutations

You are too large for most types of armour.
You have tough skin. (AC +1)


Message History

The gnoll is heavily wounded.
You hear a shout!
The gnoll barely misses you.
A gnoll bouda comes into view. It is wielding a +0 whip.
Casting: Scorch (safe; 8% risk of failure)
Confirm with . or Enter, or press ? or * to list all spells.
You don't have enough magic to cast this spell.
Unknown command.
The gnoll bouda moves out of view.
The gnoll is no longer more vulnerable to fire.
The gnoll bouda calls upon its god to heal the gnoll.
The gnoll is healed somewhat.
The gnoll misses you.
You hit the gnoll. You burn the gnoll.
You kill the gnoll!
The gnoll bouda gazes fiercely through you!
You feel your attacks grow feeble.
A gnoll comes into view. It is wielding a +0 whip.
You hit the gnoll bouda but do no damage.
The gnoll bouda closely misses you.
You hit the gnoll bouda. You burn the gnoll bouda.
The gnoll bouda is lightly wounded.
A gnoll comes into view. It is wielding a +0 halberd.
The gnoll bouda attacks as you move away!
The gnoll bouda barely misses you.
The gnoll bouda barks out a call to the hunt!
The gnolls pick up the pace!
You hear a shout!
The gnoll attacks as you move away! The gnoll hits you with a +0 whip.
The gnoll bouda barks out a call to the hunt!
The gnoll hits you from afar with a +0 spear.
The gnoll hits you with a +0 whip.
You hear a shout!
You hit the gnoll but do no damage.
Your attacks no longer feel as feeble.
A gnoll comes into view. It is wielding a +0 spear.
You barely miss the gnoll. The gnoll closely misses you.
The gnoll hits you with a +0 whip.
A protective cloak of flame settles atop you.
The gnoll hits you with a +0 whip.
The gnoll is burned by your cloak of flames.
The gnoll is moderately wounded.
You barely miss the gnoll.
The gnoll is moderately wounded.
The gnoll hits you with a +0 whip.
The gnoll is burned by your cloak of flames.
The gnoll is moderately wounded.
The gnoll hits you but does no damage.
The gnoll bouda hits you with a +0 whip.
The gnoll bouda is burned by your cloak of flames.
The gnoll bouda is lightly wounded.
You barely miss the gnoll.
The gnoll is moderately wounded.
The gnoll barely misses you.
The gnoll bouda hits you with a +0 whip.
The gnoll bouda is burned by your cloak of flames.
The gnoll bouda is heavily wounded.
The gnoll hits you with a +0 whip.
The gnoll is burned by your cloak of flames.
You kill the gnoll!
Your Fighting skill increases to level 5!
You hit the gnoll bouda but do no damage.
The gnoll bouda is heavily wounded.
The gnoll hits you from afar with a +0 halberd!
The gnoll bouda barely misses you.
You hit the gnoll bouda. You burn the gnoll bouda.
The gnoll bouda is severely wounded.
The gnoll hits you from afar with a +0 halberd.
* * * LOW HITPOINT WARNING * * *
The gnoll bouda gazes fiercely through you!
You feel your attacks grow feeble. The gnoll bouda closely misses you.
The gnoll closely misses you.
Activating: Foxfire Swarm
Press: ? - help, Dir - look around, f - activate Flames leap up around you!
The gnoll is no longer moving quickly.
The foxfire hits the gnoll.
The gnoll is lightly wounded.
The gnoll bouda gazes fiercely through you!
You feel as though you will be weak longer.
The foxfire hits the gnoll bouda.
The gnoll bouda is almost dead.
The gnoll hits you from afar with a +0 halberd!
* * * LOW HITPOINT WARNING * * *
Your foxfire dissipates!
The foxfire hits the gnoll bouda.
You kill the gnoll bouda!
The foxfire hits the gnoll.
The gnoll is moderately wounded.
The foxfire hits the gnoll.
The gnoll is heavily wounded.
The foxfire hits the gnoll.
The gnoll is lightly wounded.
The foxfire hits the gnoll.
The gnoll is lightly wounded.
You have reached level 5!
Your foxfire dissipates!
The gnoll hits you from afar with a +0 halberd.
* * * LOW HITPOINT WARNING * * *
The gnoll hits you from afar with a +0 halberd!
You die...

#.# #......# #.#
#########.### #.#
...........# #.# ###
########.)g# ##.####..
..##...#gg.# .....##.#
#.##.#.#.#v#
.....##.####.#... #.#.#
.....##....#.#..###.#.#
.....##..#.#.#..@.g.#.#
.#.......#...##.#####.#
.#######.....)....)...#
..# #.######.#######
..# #.# #... ..# #.#
####### #.#### #.#
#....# #....# #.#
##.#.# ####.# #.# #.#.#


You could see a gnoll (swift).

Vanquished Creatures
  A gnoll bouda (D:2)
  An adder (D:2)
  2 gnolls (D:2)
  2 dart slugs
  2 ball pythons
  4 bats
  5 endoplasms
  A giant cockroach (D:1)
  5 goblins
  6 hobgoblins
  7 kobolds
  3 quokkas
  A frilled lizard (D:1)
  24 rats
64 creatures vanquished.

Vanquished Creatures (others)
  5 foxfires (D:2)
  3 fungi (D:1)
  5 plants (D:1)
13 creatures vanquished.

Grand Total: 77 creatures vanquished

Notes
Turn   | Place    | Note
-------+----------+-------------------------------------------
     0 | D:1      | GloriousHammer the Ogre Cinder Acolyte began the quest for
                  | the Orb.
     0 | D:1      | Reached XP level 1. HP: 24/24 MP: 2/2
   208 | D:1      | Found a faded altar of an unknown god.
   212 | D:1      | Reached XP level 2. HP: 32/32 MP: 2/4
   215 | D:1      | Learned a level 2 spell: Scorch
   307 | D:1      | Found Riceoff's General Store.
   412 | D:1      | Reached XP level 3. HP: 38/40 MP: 1/5
  1637 | D:2      | Reached XP level 4. HP: 49/49 MP: 0/7
  2052 | D:2      | Reached skill level 5 in Fighting
  2057 | D:2      | Reached XP level 5. HP: 5/57 MP: 3/8
  2061 | D:2      | Slain by a gnoll

Illustrated notes

Levels and vault maps discovered:
D:1:      sevenhm_arrival_forest_fort_large_2, layout_rooms,
          shapermc_ecumenical_altar_mp_urbaneastern, serial_shops, shop_statue,
          chequers_big_river
D:2:      layout_basic, minmay_rat_hole

Skill      XL: |  1  2  3  4 |
---------------+-------------+-----
Maces & Flails | 3 |  3.6
Fire Magic     | 3 |  3.2
Spellcasting   | 2 |  2.4
Fighting       | 5 |  5.3

Action                     |  1- 3 |  4- 6 || total
---------------------------+-------+-------++-------
  Melee: Mace              |    77 |    10 ||    87
         Punch             |     2 |       ||     2
   Cast: Scorch            |    30 |    11 ||    41
 Invoke: Foxfire Swarm     |       |     1 ||     1
         Fiery Armour      |       |     1 ||     1
 Armour: Robe              |    38 |     2 ||    40
  Dodge: Dodged            |    35 |    11 ||    46

Table legend: (Time is in decaauts)
 A = Elapsed time spent in this place.
 B = Non-inter-level travel time spent in this place.
 C = Inter-level travel time spent in this place.
 D = Time resting spent in this place.
 E = Time spent auto-exploring this place.
 F = Levels seen in this place.
 G = Mean time per level.
                   A        B        C        D        E       F      G
               +--------+--------+--------+--------+--------+-----+--------+
         Total |   2082 |   2030 |     52 |    232 |   1453 |   2 | 1041.0 |
       Dungeon |   2082 |   2030 |     52 |    232 |   1453 |   2 | 1041.0 |
               +--------+--------+--------+--------+--------+-----+--------+

Top non-repeatable levels by time:
     D:1: 1183 daAuts
     D:2: 899 daAuts
